Map: Rhoskallian LE

Players

smid - Winner!

  • Race: Protoss Protoss
  • League: Diamond
  • Spawn Location: 11:00

Jehuty - Winner!

  • Race: Protoss Protoss
  • League: Master
  • Spawn Location: 12:00

Massa

  • Race: Terran Terran
  • League: Gold
  • Spawn Location: 5:00

qqq

  • Race: Protoss Protoss
  • League: Platinum
  • Spawn Location: 6:00

VOD

Have the link to the VOD?

Description

Time

  • Played on: July 26, 2020, 9:33 a.m.
  • Length: 8:45
Show
View Real Time Build Order
Export as new Build Order

smid Protoss - Winner!

Build Orders: 1 Gate Expand 

Get SALT Encoding   

  12  0:02  Probe  
  13  0:16  Probe, Pylon  
  14  0:24  Probe  
  15  0:40  Gateway  
  15  0:43  Probe  
  16  0:54  Assimilator  
  16  0:55  Probe  
  17  1:08  Probe  
  18  1:20  Probe  
  19  1:34  Nexus  
  19  1:40  Cybernetics Core  
  19  1:44  Probe  
  20  1:54  Assimilator  
  20  1:57  Warp Gate  
  20  1:59  Pylon  
  20  2:09  Adept  
  22  2:32  Gateway  
  22  2:35  Twilight Council  
  22  2:45  Stalker  
  22  3:00  Shield Battery  
  21  3:46  Stalker  
  21  3:47  Stalker  
  23  3:58  Pylon  
  23  4:27  Cybernetics Core  
  6  5:00  Zealot  
  7  5:20  Probe  
  6  5:21  Robotics Facility  
  6  5:23  Stalker  
  8  5:31  Probe  
  9  5:39  Probe  
  9  5:44  Gateway  
  9  5:45  Gateway  
  9  5:47  Probe  
  10  5:59  Probe  
  11  6:11  Probe  
  12  6:24  Immortal  
  16  6:31  Probe  
  17  6:39  Probe  
  18  7:00  Charge  
  18  7:06  Immortal  
  22  7:20  Probe  
  22  7:28  Probe  
  24  7:45  Probe  
  25  7:54  Warp Prism  
  25  7:57  Probe  
  28  8:09  Probe  
  29  8:21  Probe  
Show
View Real Time Build Order
Export as new Build Order

Jehuty Protoss - Winner!

Build Orders:  

Get SALT Encoding   

  1  0:00  Probe  
  13  0:07  Probe  
  14  0:19  Pylon  
  14  0:20  Probe  
  15  0:37  Probe, Gateway  
  16  0:45  Assimilator  
  16  0:49  Probe  
  17  0:59  Probe  
  18  1:07  Probe  
  19  1:16  Probe  
  19  1:20  Pylon  
  20  1:26  Cybernetics Core  
  20  1:37  Zealot  
  20  1:38  Probe  
  23  1:50  Probe  
  23  2:04  Robotics Facility  
  23  2:11  Stalker  
  23  2:13  Cybernetics Core  
  23  2:15  Probe  
  25  2:27  Assimilator  
  25  2:32  Probe  
  26  2:46  Stalker  
  28  3:11  Warp Gate  
  28  3:32  Pylon  
  28  3:47  Immortal  
  28  3:50  Probe  
  33  3:57  Stargate  
  33  4:12  Pylon  
  33  4:16  Probe  
  34  4:20  Immortal  
  36  4:40  Oracle  
  36  4:44  Probe  
  40  4:55  Gateway  
  40  4:56  Probe  
  40  4:57  Gateway  
  39  5:00  Gateway  
  38  5:22  Oracle  
  38  5:25  Immortal  
  45  5:40  Pylon  
  43  6:12  Stalker x3  
  49  6:38  Nexus  
  49  6:42  Pylon  
  46  6:55  Probe  
  47  7:07  Probe  
  48  7:15  Twilight Council  
  48  7:16  Probe  
  48  7:18  Pylon  
  49  7:24  Probe  
  51  7:30  Observer  
  51  7:33  Probe  
  52  7:45  Probe  
  52  7:47  Pylon  
  52  7:50  Stalker x2  
  58  7:51  Observer  
  58  7:52  Sentry  
  58  7:57  Probe  
  57  8:09  Probe  
  54  8:21  Probe, Stalker x3  
  54  8:23  Probe  
  62  8:30  Probe  
  63  8:39  Assimilator x2  
Show
View Real Time Build Order
Export as new Build Order

Massa Terran 

Build Orders: Command Center First (CC) 

Get SALT Encoding   

  12  0:04  SCV  
  13  0:16  SCV  
  14  0:22  Supply Depot  
  14  0:28  SCV  
  15  0:44  SCV  
  16  0:56  SCV  
  17  1:08  SCV  
  17  1:10  Command Center  
  18  1:17  Refinery  
  18  1:21  SCV  
  19  1:27  Engineering Bay  
  19  1:33  SCV  
  20  1:45  SCV  
  21  1:55  Refinery  
  21  2:14  SCV  
  22  2:26  SCV  
  23  2:38  SCV  
  24  2:57  Barracks  
  24  3:25  Command Center  
  24  3:28  Barracks  
  24  3:30  Barracks  
  24  3:33  Command Center  
  24  3:44  Supply Depot  
  24  3:46  Orbital Command  
  24  4:05  Supply Depot  
  24  4:06  Marine  
  25  4:23  Marine  
  26  4:31  Reaper  
  26  4:32  Reaper  
  28  4:41  Marine  
  28  4:45  SCV  
  30  4:46  SCV  
  30  4:49  SCV  
  31  4:57  SCV  
  31  4:58  SCV  
  33  5:02  Marine  
  33  5:03  Reaper  
  33  5:04  Reaper  
  36  5:09  SCV  
  34  5:35  Orbital Command, Engineering Bay  
  33  5:36  Reaper  
  33  5:37  Orbital Command  
  33  5:42  Factory  
  34  6:07  Missile Turret  
  34  6:12  SCV  
  34  6:13  SCV x2  
  34  6:15  Missile Turret  
  36  6:21  Missile Turret  
  36  6:25  SCV x3  
  36  6:28  Missile Turret  
  36  6:30  Marine x2  
  35  6:37  SCV, Missile Turret  
  33  6:41  Missile Turret  
  33  6:46  SCV x2  
  35  6:48  Marine x2  
  35  6:49  Factory Tech Lab, Missile Turret, SCV  
  38  6:54  Barracks Tech Lab  
  38  6:58  SCV x2  
  38  7:01  SCV  
  41  7:06  Marine x2  
  43  7:09  Missile Turret  
  43  7:10  SCV  
  43  7:12  Missile Turret  
  44  7:17  SCV  
  44  7:18  SCV  
  44  7:19  Siege Tank  
  44  7:21  Marauder  
  53  7:34  SCV  
  53  7:35  SCV x2  
  53  7:47  SCV  
  30  8:24  Barracks  
  30  8:26  Barracks x2  
  30  8:28  Missile Turret  
  30  8:31  Barracks  
  30  8:41  Barracks  
Show
View Real Time Build Order
Export as new Build Order

qqq Protoss 

Build Orders:  

Get SALT Encoding   

  12  0:04  Probe  
  13  0:13  Pylon  
  13  0:19  Probe  
  14  0:31  Probe  
  15  0:38  Forge  
  15  0:47  Probe  
  16  0:59  Probe  
  16  1:02  Pylon  
  17  1:11  Probe  
  18  1:21  Photon Cannon  
  18  1:26  Photon Cannon  
  18  1:39  Pylon  
  18  1:41  Pylon  
  18  1:51  Probe  
  19  2:00  Photon Cannon  
  19  2:03  Photon Cannon  
  19  2:12  Photon Cannon  
  19  2:20  Photon Cannon  
  19  2:30  Photon Cannon  
  18  2:41  Photon Cannon  
  18  2:51  Photon Cannon  
  18  2:57  Pylon  
  18  3:08  Photon Cannon  
  18  3:19  Photon Cannon  
  18  3:25  Pylon  
  18  3:40  Photon Cannon  
  18  3:50  Photon Cannon  
  18  3:54  Photon Cannon  
  18  4:00  Photon Cannon  
  18  4:19  Gateway  
  18  4:43  Photon Cannon  
  18  4:47  Photon Cannon  
  18  4:49  Photon Cannon  
  18  4:53  Photon Cannon  
  18  5:24  Nexus  
  18  5:27  Cybernetics Core  
  18  5:35  Photon Cannon  
  18  5:42  Assimilator  
  18  5:47  Assimilator  
  8  6:14  Probe  
  9  6:26  Probe  
  10  6:38  Probe  
  11  6:51  Probe  
  12  7:00  Probe  
  13  7:03  Probe  
  14  7:15  Probe  
  15  7:27  Probe  
  16  7:39  Probe  
  16  7:42  Stargate  
  17  7:48  Probe  
  18  7:51  Probe  
  19  8:00  Probe  
  19  8:03  Probe  
  21  8:12  Probe  
  22  8:23  Probe  
Tags
 
Add a new tag
Caveats
  • Supply blocks, unpowered buildings, or Contaminate may cause inaccurate times.
  • Supply counts are checked every 10 seconds.